 Dungeon Crawl Stone Soup version 0.20-a0-1116-gaa52201 (webtiles) character file.

751 MirrMurr the Sneak (level 7, -3/35 HPs)
             Began as a Spriggan Berserker on May 9, 2017.
             Was a Priest of Trog.
             Shot with an arrow by a centaur (11 damage)
             ... on level 6 of the Dungeon.
             The game lasted 00:15:40 (5332 turns).

MirrMurr the Sneak (Spriggan Berserker)             Turns: 5332, Time: 00:15:40

Health: -3/35      AC:  6    Str: 17    XL:     7   Next: 49%
Magic:  8/8        EV: 20    Int:  8    God:    Trog [***...]
Gold:   123        SH:  0    Dex: 16    Spells: 6/6 levels left

rFire    . . .     SeeInvis +   b - +1 hunting sling (freeze)
rCold    . . .     Gourm    .   (shield restricted)
rNeg     . . .     Faith    .   l - +1 animal skin
rPois    .         Spirit   .   (helmet restricted)
rElec    .         Reflect  .   x - +2 cloak
rCorr    +         Harm     .   (gloves unavailable)
MR       .....                  (boots unavailable)
Stlth    ++++......             (no amulet)
Regen    0.2/turn               q - ring of resist corrosion
MPRegen  0.2/turn               B - +2 ring of strength

@: vulnerable, very quick
A: unfitting armour, see invisible, herbivore 3, speed 3, slow metabolism 2
a: Berserk, Trog's Hand, Burn Spellbooks, Renounce Religion


You were on level 6 of the Dungeon.
You worshipped Trog.
Trog was most pleased with you.
You were full.

You visited 1 branch of the dungeon, and saw 6 of its levels.

You collected 207 gold pieces.
You spent 84 gold pieces at shops.

Inventory:

Hand Weapons
 a - a +0 trident
 b - a +1 hunting sling of freezing (weapon)
 h - a +0 dagger
 w - a +3 quarterstaff of chaos
 D - a +0 rapier
Missiles
 f - a throwing net {!f}
 g - 108 stones (quivered)
 i - 33 sling bullets
 j - 20 poisoned needles
Armour
 l - a +1 animal skin (worn)
 x - a +2 cloak (worn)
Jewellery
 q - a ring of resist corrosion (left hand)
 B - a +2 ring of strength (right hand)
 C - an uncursed amulet of guardian spirit {unknown}
Wands
 e - a wand of digging (12/24)
Scrolls
 m - a scroll of identify
 r - 3 scrolls of remove curse
 t - a scroll of enchant armour
 y - a scroll of teleportation
Potions
 d - a potion of brilliance {unknown}
 k - a potion of ambrosia {unknown}
 n - 2 potions of haste
 o - a potion of flight {unknown}
 p - 3 potions of berserk rage
 u - a potion of agility {unknown}
 v - 2 potions of curing
 z - a potion of degeneration {unknown}
 E - a potion of resistance {unknown}
Comestibles
 c - 2 bread rations
 s - a royal jelly


   Skills:
 - Level 2.4 Fighting
 * Level 5.7 Polearms
 - Level 4.4 Dodging
 + Level 7.1 Stealth


You had 6 spell levels left.
You didn't know any spells.

Dungeon Overview and Level Annotations

Branches:
Dungeon (6/15)             Temple (0/1) D:4

Altars:
Ru

Shops:
D:4 }:?[


Innate Abilities, Weirdness & Mutations

You are very small and have problems with some larger weapons.
You are too small for most types of armour.
You have supernaturally acute eyesight. (SInv)
You are a herbivore.
You cover ground extremely quickly.
You need consume almost no food.


Message History

You shoot a stone. The stone hits the centaur.
The stone freezes the centaur.
The centaur is moderately wounded.
The centaur shoots an arrow.
The arrow hits you.
The centaur shoots an arrow.
The arrow hits you!
Firing (i - inventory. (,) - cycle):
g - 110 stones (quivered)
Press: ? - help, Shift-Dir - straight line, f/p - centaur
Aim: a centaur, wielding a shortbow (moderately wounded)
You shoot a stone. The stone hits the centaur.
The stone freezes the centaur.
The centaur is heavily wounded.
The centaur shoots an arrow.
The arrow completely misses you.
Firing (i - inventory. (,) - cycle):
g - 109 stones (quivered)
Press: ? - help, Shift-Dir - straight line, f/p - centaur
Aim: a centaur, wielding a shortbow (heavily wounded)
You shoot a stone. The stone closely misses the centaur.
The centaur shoots an arrow.
The arrow hits you.
The centaur shoots an arrow.
The arrow hits you!
* * * LOW HITPOINT WARNING * * *
Unknown command.
The centaur shoots an arrow.
The arrow hits you!
You die...

#.............#
#.........>...#
#........#'####
#...<....#...#
#........#...#
#........+...#
##+#........##'##
#........######...#
#........#.@......#
#........#........#
#........(........#
#........##########
####...... #...c..
#..... #....c
#.....


You could see a centaur.

Vanquished Creatures
  A sky beast (D:5)
  2 scorpions (D:5)
  A crimson imp (D:5)
  A hound (D:4)
  A jelly (D:5)
  Crazy Yiuf (D:3)
  A centaur skeleton (D:5)
  An iguana (D:4)
  An orc wizard (D:5)
  5 worker ants
  A hound skeleton (D:5)
  2 worker ant zombies (D:5)
  5 adders
  A gnoll (D:1)
  2 shadow imps (D:5)
  3 adder skeletons
  An adder zombie (D:5)
  3 worms
  4 leopard geckos
  17 orcs
  2 giant cockroaches
  8 hobgoblins
  3 jackals (D:3)
  5 quokkas
  3 ball pythons
  9 bats
  A frilled lizard (D:2)
  7 goblins
  12 kobolds
  A leopard gecko zombie (D:5)
  A quokka skeleton (D:4)
  6 rats
112 creatures vanquished.

Notes
Turn   | Place    | Note
-------+----------+-------------------------------------------
     0 | D:1      | MirrMurr the Spriggan Berserker began the quest for the Orb.
     0 | D:1      | Reached XP level 1. HP: 11/11 MP: 2/2
   738 | D:1      | Reached XP level 2. HP: 16/16 MP: 3/3
   915 | D:1      | Reached skill level 1 in Stealth
  1317 | D:1      | Reached skill level 2 in Stealth
  1507 | D:2      | Reached XP level 3. HP: 19/19 MP: 4/4
  1576 | D:2      | Reached ** piety under Trog
  2368 | D:3      | Reached XP level 4. HP: 23/23 MP: 5/5
  2748 | D:3      | Reached skill level 3 in Stealth
  3194 | D:3      | Found a runed door.
  3198 | D:3      | Noticed Crazy Yiuf
  3244 | D:3      | Killed Crazy Yiuf
  3244 | D:3      | Reached XP level 5. HP: 27/27 MP: 6/6
  3432 | D:4      | Reached skill level 4 in Stealth
  3477 | D:4      | Found Nacsek's Magic Scroll Shop.
  3484 | D:4      | Bought a scroll of teleportation for 42 gold pieces
  3484 | D:4      | Bought a scroll of remove curse for 42 gold pieces
  3501 | D:4      | Found Ziaxtad's Armour Shop.
  3536 | D:4      | Found Acoyro's Book Shop.
  3877 | D:4      | Reached *** piety under Trog
  4024 | D:4      | Found a staircase to the Ecumenical Temple.
  4100 | D:4      | Reached XP level 6. HP: 28/32 MP: 7/7
  4162 | D:4      | Found Founnink's Gadget Emporium.
  4178 | D:5      | Entered Level 5 of the Dungeon
  4223 | D:5      | Reached skill level 5 in Stealth
  4367 | D:5      | Noticed a sky beast
  4425 | D:5      | Killed a sky beast
  4425 | D:5      | Reached skill level 5 in Polearms
  4682 | D:5      | Reached XP level 7. HP: 35/35 MP: 8/8
  4686 | D:5      | Reached skill level 6 in Stealth
  5010 | D:5      | Reached skill level 7 in Stealth
  5245 | D:5      | Found a sacrificial altar of Ru.
  5332 | D:6      | Shot with an arrow by a centaur

Vault maps used:
D:1:      nagdon_arrival_double_spiral, grunt_decor_arrowhead,
          grunt_decor_clamped, minmay_fountain_box
D:2:      first_bread
D:3:      uniq_crazy_yiuf_cottage
D:4:      minmay_temple_entry_enclosed_plants, serial_shops, shop_statue,
          shop_statue, nicolae_shop_temple_entry_statues_fountains,
          kennysheep_mini_moat, st_stairs_13
D:5:      kennysheep_another_room, nicolae_ru_the_path_less_chosen
D:6:      serial_shops, nicolae_shop_stone, cheibrodos_sewer_entry_drain

Skill      XL: |  1  2  3  4  5  6  7 |
---------------+----------------------+-----
Stealth        | 2 3 4 5 7 |  7.1
Polearms       | 3 4 5 |  5.7
Fighting       | |  2.4
Dodging        | |  4.4

Action                   |  1- 3 |  4- 6 |  7- 9 || total
-------------------------+-------+-------+-------++-------
Melee: Spear             |   126 |   110 |     8 ||   244
 Fire: Hunting sling     |    47 |   135 |    92 ||   274
Throw: Stone             |     5 |       |       ||     5
Invok: Berserk           |     1 |     2 |       ||     3
  Use: Scroll            |     4 |     4 |     1 ||     9
 Stab: Sleeping          |     2 |     2 |       ||     4
  Eat: Royal jelly       |       |     2 |       ||     2
       Bread ration      |       |     1 |       ||     1
Armor: Animal skin       |    10 |    12 |     8 ||    30
Dodge: Dodged            |    74 |    95 |    44 ||   213
